Map: Ultralove

Players

ManlyManMeat

  • Race: Zerg Zerg
  • League: Platinum
  • Spawn Location: 7:00

McWolf - Winner!

  • Race: Protoss Protoss
  • League: Diamond
  • Spawn Location: 1:00

VOD

Have the link to the VOD?

Description

Time

  • Played on: June 21, 2025, 10:42 a.m.
  • Length: 7:03
Show
View Real Time Build Order
Export as new Build Order

ManlyManMeat Zerg 

Build Orders: Hatch First 

Get SALT Encoding   

  12  0:00  Drone  
  13  0:12  Overlord  
  13  0:16  Drone  
  14  0:31  Drone x2  
  16  0:36  Drone  
  17  0:50  Hatchery  
  17  0:54  Drone  
  17  1:13  Drone x2  
  19  1:22  Drone  
  20  1:36  Spawning Pool  
  20  1:37  Extractor  
  18  1:52  Drone x3  
  21  1:55  Hatchery  
  20  2:05  Drone  
  21  2:13  Drone  
  22  2:16  Drone  
  24  2:22  Zergling x2  
  24  2:23  Queen  
  26  2:32  Zergling x4  
  28  2:43  Overlord  
  28  2:45  Overlord  
  28  2:46  Metabolic Boost  
  28  2:54  Overlord  
  28  3:04  Queen  
  30  3:09  Drone  
  30  3:10  Zergling x4  
  30  3:11  Zergling x6  
  36  3:22  Drone x3  
  39  3:33  Baneling Nest  
  38  3:35  Queen  
  38  3:37  Drone x3  
  43  3:48  Spore Crawler  
  43  3:50  Spore Crawler  
  43  3:52  Spore Crawler  
  40  4:08  Drone  
  40  4:09  Drone x3  
  44  4:13  Extractor  
  44  4:15  Extractor x2  
  40  4:24  Drone x2  
  40  4:25  Overlord x3  
  42  4:43  Lair  
  42  4:56  Evolution Chamber  
  42  4:57  Evolution Chamber  
  40  5:01  Drone x4  
  40  5:02  Drone x2  
  45  5:10  Drone x3  
  48  5:21  Roach Warren  
  47  5:26  Drone  
  47  5:27  Drone x4  
  53  5:28  Drone x3  
  53  5:33  Queen  
  57  5:59  Drone x6  
  57  6:00  Overlord  
  62  6:07  Hydralisk Den  
  62  6:09  Roach  
  61  6:24  Zergling x4  
  61  6:25  Zergling x12, Roach  
  67  6:26  Roach  
  55  6:40  Roach x3  
Show
View Real Time Build Order
Export as new Build Order

McWolf Protoss - Winner!

Build Orders: 1 Gate Expand 

Get SALT Encoding   

  12  0:03  Probe  
  13  0:17  Pylon  
  13  0:19  Probe  
  14  0:33  Probe  
  15  0:37  Gateway  
  15  0:41  Probe  
  15  0:47  Assimilator  
  15  0:49  Probe  
  17  1:01  Probe  
  18  1:13  Probe  
  19  1:25  Probe  
  20  1:32  Nexus  
  20  1:41  Cybernetics Core  
  20  1:52  Assimilator  
  20  1:55  Pylon  
  20  1:57  Probe  
  21  2:22  Probe  
  22  2:25  Stargate  
  22  2:34  Probe  
  23  2:38  Adept  
  23  2:42  Gateway  
  25  2:45  Probe  
  25  2:47  Warp Gate  
  26  2:54  Probe  
  26  2:57  Probe  
  28  3:06  Void Ray  
  32  3:16  Adept, Probe  
  34  3:20  Probe  
  34  3:25  Probe  
  36  3:32  Probe  
  38  3:34  Probe  
  38  3:41  Void Ray  
  39  3:44  Probe  
  44  4:01  Twilight Council  
  44  4:07  Probe x2  
  44  4:23  Charge  
  44  4:27  Robotics Facility  
  44  4:39  Gateway  
  44  4:40  Nexus  
  44  4:41  Pylon  
  44  4:50  Gateway  
  44  4:52  Gateway  
  44  4:58  Probe x2  
  46  5:07  Gateway  
  46  5:11  Warp Prism, Gateway  
  46  5:15  Gateway  
  46  5:18  Pylon  
  46  5:22  Pylon  
  46  5:27  Pylon  
  48  5:30  Zealot  
  48  5:33  Zealot  
  52  5:50  Adept  
  52  5:52  Adept  
  56  6:01  Observer  
  57  6:08  Zealot x4  
  57  6:09  Zealot  
  67  6:14  Zealot x2  
  67  6:15  Zealot  
  73  6:35  Zealot x3  
  73  6:36  Zealot x5  
Tags
 
Add a new tag
Caveats
  • Supply blocks, unpowered buildings, or Contaminate may cause inaccurate times.
  • Supply counts are checked every 10 seconds.